 Dungeon Crawl Stone Soup version 0.21-a0-286-g6fcecc0 (webtiles) character file.

156 tidbits the Insei (level 4, 0/51 HPs)
             Began as a Demigod Transmuter on Sept 27, 2017.
             Succumbed to an adder's poison
             ... on level 3 of the Dungeon.
             The game lasted 00:06:49 (1137 turns).

tidbits the Insei (Demigod Transmuter)              Turns: 1137, Time: 00:06:50

Health: 0/51       AC:  4    Str: 18    XL:     4   Next: 92%
Magic:  2/9        EV: 12    Int: 19    God:
Gold:   61         SH:  0    Dex: 16    Spells: 1/7 levels left

rFire    + . .     SeeInvis .     - Unarmed
rCold    + . .     Gourm    .   (no shield)
rNeg     . . .     Faith    .   B - +2 robe {rC+ rF+}
rPois    .         Spirit   .   (no helmet)
rElec    .         Reflect  .   (no cloak)
rCorr    .         Harm     .   (no gloves)
MR       .....                  (no boots)
Stlth    ..........             (no amulet)
HPRegen  0.17/turn              (no ring)
MPRegen  0.11/turn              (no ring)

@: berserking (expiring), lethally poisoned (0 -> -5), appendage (expiring),
very slightly contaminated, very quick
A: horns 2, high mp 1
a: End Transformation


You were on level 3 of the Dungeon.
You were hungry.
You had grown temporary horns.
You visited 1 branch of the dungeon, and saw 4 of its levels.

You collected 61 gold pieces.

Inventory:

Missiles
 a - 56 arrows
Armour
 B - a +2 robe of resistance (worn)
   (You found it on level 2 of the Dungeon)
Scrolls
 e - 2 scrolls of remove curse
 g - a scroll of enchant weapon
 h - a scroll of fog {unknown}
 i - a scroll of identify {unknown}
 l - a scroll of teleportation {unknown}
Potions
 b - a potion of magic {unknown}
 f - a potion of degeneration {unknown}
 j - a potion of berserk rage
Books
 c - a book of Changes

   Spells                             Type                      Level
   a - Beastly Appendage              Transmutation                1
   b - Sticks to Snakes               Transmutation                2
   c - Spider Form                    Transmutation/Poison         3
   d - Ice Form                       Ice/Transmutation            4
   e - Blade Hands                    Transmutation                5
Comestibles
 d - a bread ration
 k - 10 fruits
 m - 2 chunks of flesh
 n - a meat ration


   Skills:
 - Level 0.8 Fighting
 - Level 1.7 Dodging
 * Level 4.6 Unarmed Combat
 - Level 2.0 Spellcasting
 + Level 2.9 Transmutations


You had one spell level left.
You knew the following spells:

 Your Spells              Type           Power        Failure   Level  Hunger
e - Beastly Appendage     Tmut           ##....       4%          1    #......
k - Sticks to Snakes      Tmut           ##......     8%          2    ###....
p - Spider Form           Tmut/Pois      #.........   28%         3    ###....


Dungeon Overview and Level Annotations

Branches:
Dungeon (4/15)
 Temple: D:4-7


Innate Abilities, Weirdness & Mutations

You have an increased reservoir of magic. (+10% MP)
You have a pair of horns on your head.


Message History

You miscast Spider Form.
You are very lightly contaminated with residual magic.
Your hands glow momentarily.
Casting: Spider Form
Confirm with . or Enter, or press ? or * to list all spells.
You miscast Spider Form.
Strange energies run through your body. The orc misses you.
You hit the orc.
You kill the orc!
The adder hisses angrily.
You hear an angry hiss.
Things that are here:
a club; an orc corpse; a jackal corpse You can't rest with a hostile monster in view!
Butcher a jackal corpse? [(y)es/(c)hoosy/(n)o/(a)ll/(e)dible/(q)uit/?]
Butcher an orc corpse? [(y)es/(c)hoosy/(n)o/(a)ll/(e)dible/(q)uit/?]
There isn't anything else to butcher here.
You butcher the jackal corpse.
An adder comes into view.
Items here: % ) ÷ † a club; an orc corpse; 3 chunks of flesh; a jackal skeleton
There is an open door here.
As you close the door, it creaks loudly!
As you read the scroll labeled ILOIMU HYGGIXU, it crumbles to dust.
It is a scroll of enchant weapon.
You aren't carrying any weapons that can be enchanted.
Casting: Spider Form
Confirm with . or Enter, or press ? or * to list all spells.
You grow a pair of large bovine horns.
Okay, then.
You open the door. The adder closely misses you. The adder barely misses you.
The adder misses you. The adder completely misses you.
There is an open door here.
Items here: % ) ÷ † a club; an orc corpse; 3 chunks of flesh; a jackal skeleton You closely miss the adder.
You headbutt the adder.
The adder is moderately wounded.
You are feeling hungry.
The adder bites you but does no damage.
You hit the adder.
The adder is almost dead.
The adder closely misses you. The adder bites you.
* * * LOW HITPOINT WARNING * * *
You are poisoned.
The adder poisons you!
You punch the adder!
You kill the adder!
You feel sick.
You hit the adder but do no damage. Your headbutt misses the adder.
The adder misses you. The adder bites you.
* * * LOW HITPOINT WARNING * * *
You hit the adder.
The adder is heavily wounded.
The adder bites you but does no damage.
You closely miss the adder.
The adder is heavily wounded.
Your transformation is almost over.
The adder bites you.
* * * LOW HITPOINT WARNING * * *
You are more poisoned.
The adder poisons you!
You closely miss the adder.
The adder is heavily wounded.
You feel sick. The adder bites you.
* * * LOW HITPOINT WARNING * * *
You are lethally poisoned!
The adder poisons you!
It was a potion of berserk rage.
A red film seems to cover your vision as you go berserk!
You feel yourself moving faster!
You feel mighty!
* * * LOW HITPOINT WARNING * * *
You feel sick. The adder misses you.
You hit the adder. Your headbutt misses the adder.
The adder is almost dead.
The adder bites you.
* * * LOW HITPOINT WARNING * * *
You miss the adder.
The adder is almost dead.
* * * LOW HITPOINT WARNING * * *
You feel sick. The adder bites you but does no damage.
You miss the adder.
The adder is almost dead.
The adder bites you.
* * * LOW HITPOINT WARNING * * *
You closely miss the adder. Your headbutt misses the adder.
The adder is almost dead.
* * * LOW HITPOINT WARNING * * *
You feel sick. The adder completely misses you.
You hit the adder.
You kill the adder!
You are too berserk!
* * * LOW HITPOINT WARNING * * *
You feel sick.
There is an open door here.
Things that are here:
an adder corpse x2
You feel a strong urge to attack something.
Items here: % ) ÷ † a club; an orc corpse; 3 chunks of flesh; a jackal skeleton You die...

#.....#.##...............# #.#
........................# #.#
........................#####.##
........................'......#
.[......................########
........................#
###....#....##†#........#
...........##)#...######
............'..@........
............#...........
....%.....##...........
........##...........
........##........... .......
#.#.........
................!...
S...(............!.
....##..........


There were no monsters in sight!

Vanquished Creatures
  A centaur skeleton (D:4)
  4 gnolls (D:2)
  4 adders
  An ooze (D:3)
  An adder skeleton (D:4)
  4 leopard geckos
  2 orcs (D:3)
  A ball python (D:2)
  2 giant cockroaches
  2 goblins (D:1)
  6 hobgoblins
  3 jackals (D:3)
  A quokka (D:4)
  5 bats
  2 frilled lizards (D:3)
  5 kobolds
  4 rats
48 creatures vanquished.

Vanquished Creatures (collateral kills)
  A bat (D:3)
  A goblin (D:3)
  A hobgoblin (D:3)
  A kobold (D:3)
4 creatures vanquished.

Grand Total: 52 creatures vanquished

Notes
Turn   | Place    | Note
-------+----------+-------------------------------------------
     0 | D:1      | tidbits the Demigod Transmuter began the quest for the Orb.
     0 | D:1      | Reached XP level 1. HP: 15/15 MP: 5/5
    38 | D:1      | Reached skill level 2 in Spellcasting
   106 | D:2      | Reached skill level 3 in Unarmed Combat
   133 | D:1      | Reached XP level 2. HP: 22/22 MP: 5/7
   137 | D:1      | Learned a level 2 spell: Sticks to Snakes
   367 | D:2      | Reached skill level 2 in Transmutations
   528 | D:4      | Reached XP level 3. HP: 27/27 MP: 4/8
   552 | D:4      | Found a sparkling altar of Nemelex Xobeh.
   591 | D:4      | Learned a level 3 spell: Spider Form
   676 | D:2      | Reached skill level 4 in Unarmed Combat
   836 | D:2      | Reached XP level 4. HP: 19/34 MP: 6/9
   897 | D:2      | Found a bloodstained altar of Trog.
  1130 | D:3      | HP: 4/51 [adder (4)]
  1133 | D:3      | HP: 1/51 [poisoned by an adder]
  1137 | D:3      | Succumbed to an adder's poison

Vault maps used:
D:1:      scummos_arrival_hexagon, serial_bayou_lagoon_b
D:2:      led_sif_pool, bloody_trog, hangedman_abyss_or_decor_lesser_grid,
          minmay_pentomino_q4
D:3:      first_bread, bh_chokoban, uniq_crazy_yiuf_cottage
D:4:      lemuel_doored_altar, nemelex_xobeh_ov_fountains_minmay, serial_forest,
          infiniplex_forest_lined_4_way, infiniplex_forest_zigzag_1,
          infiniplex_forest_lined_3_way, infiniplex_forest_clump_small,
          infiniplex_forest_lined_corner, infiniplex_forest_lined_corner,
          grunt_ministairs_10

Skill      XL: |  1  2  3 |
---------------+----------+-----
Spellcasting   | 2 |  2.0
Unarmed Combat | 3 4 |  4.6
Transmutations | 2 |  2.9
Fighting       | |  0.8
Dodging        | |  1.7

Action                   |  1- 3 |  4- 6 || total
-------------------------+-------+-------++-------
Melee: Unarmed           |    86 |    55 ||   141
       Kick              |    10 |     2 ||    12
       Headbutt          |     3 |     1 ||     4
       Punch             |     1 |       ||     1
 Cast: Beastly Appendage |    16 |     3 ||    19
       Sticks to Snakes  |     3 |     1 ||     4
       Spider Form       |     4 |     5 ||     9
  Use: Scroll            |     1 |     1 ||     2
       Potion            |       |     1 ||     1
 Stab: Distracted        |     1 |       ||     1
  Eat: Chunk             |     1 |     2 ||     3
Armor: Robe              |    10 |     7 ||    17
       Skin              |     2 |       ||     2
Dodge: Dodged            |    59 |    39 ||    98

Table legend:
 A = Spawn XP
 B = Non-spawn XP
 C = Spawn XP percentage of total XP
 D = Spawn monster count
 E = Non-spawn monster count
 F = Spawn count percentage of total count
 G = Total turns spent on level
                    A         B        C        D         E        F      G
               +---------+---------+-------+---------+---------+-------+---------
         Total |       0 |     224 |   0.0 |       0 |      52 |   0.0 |  1137
               +---------+---------+-------+---------+---------+-------+---------
           D:1 |       0 |      19 |   0.0 |       0 |      10 |   0.0 |   299
           D:2 |       0 |      97 |   0.0 |       0 |      19 |   0.0 |   459
           D:3 |       0 |      63 |   0.0 |       0 |      20 |   0.0 |   308
           D:4 |       0 |      45 |   0.0 |       0 |       3 |   0.0 |    71
               +---------+---------+-------+---------+---------+-------+---------

Table legend:
 A = Turns spent in this place as a percentage of turns spent in the entire game.
 B = Non-inter-level travel turns spent in this place as a percentage of non-inter-level travel turns spent in the entire game.
 C = Inter-level travel turns spent in this place as a percentage of turns spent in this place.
 D = Turns resting spent in this place as a percentage of non-inter-level travel turns spent in this place.
 E = Turns spent auto-exploring this place as a percentage of non-inter-level travel turns spent in this place.
 F = Non-inter-level travel turns spent in this place divided by the number of levels of this place that you've seen.
                   A       B       C       D       E      F
               +-------+-------+-------+-------+-------+----------------------
         Total | 100.0 | 100.0 |   2.3 |   0.0 |   0.0 | 277.8
       Dungeon | 100.0 | 100.0 |   2.3 |   0.0 |   0.0 | 277.8
               +-------+-------+-------+-------+-------+----------------------

Table legend:
 A = Kills in this place as a percentage of kills in entire the game.
 B = Kills by you in this place as a percentage of kills by you in the entire game.
 C = Kills by friends in this place as a percentage of kills by friends in the entire game.
 D = Other kills in this place as a percentage of other kills in the entire game.
 E = Experience gained in this place as a percentage of experience gained in the entire game.
 F = Experience gained in this place divided by the number of levels of this place that you have seen.
                   A       B       C       D       E      F
               +-------+-------+-------+-------+-------+----------------------
         Total | 100.0 | 100.0 | 100.0 |   N/A | 100.0 |  56.0
       Dungeon | 100.0 | 100.0 | 100.0 |   N/A | 100.0 |  56.0
               +-------+-------+-------+-------+-------+----------------------

Vault maps used:
D:1:      scummos_arrival_hexagon, serial_bayou_lagoon_b
D:2:      led_sif_pool, bloody_trog, hangedman_abyss_or_decor_lesser_grid,
          minmay_pentomino_q4
D:3:      first_bread, bh_chokoban, uniq_crazy_yiuf_cottage
D:4:      lemuel_doored_altar, nemelex_xobeh_ov_fountains_minmay, serial_forest,
          infiniplex_forest_lined_4_way, infiniplex_forest_zigzag_1,
          infiniplex_forest_lined_3_way, infiniplex_forest_clump_small,
          infiniplex_forest_lined_corner, infiniplex_forest_lined_corner,
          grunt_ministairs_10
